 Dungeon Crawl Stone Soup version 0.30.0-17-ge0270778cf (webtiles) character file.

Game seed: 12902014660864258308

307 croobank the Insei (level 6, -2/70 HPs)
             Began as a Gnoll Transmuter on May 22, 2023.
             Was an Initiate of Qazlal.
             Slain by an ogre
             ... wielding a +0 giant club
              (11 damage)
             ... on level 4 of the Dungeon.
             The game lasted 00:23:06 (3419 turns).

croobank the Insei (Gnoll Transmuter)               Turns: 3419, Time: 00:23:06

Health: -2/70      AC: 23    Str: 10    XL:     6   Next: 40%
Magic:  13/14      EV:  2    Int: 14    God:    Qazlal [......]
Gold:   173        SH:  0    Dex: 12    Spells: 12/15 levels left

rFire   + . .        g - +0 dagger
rCold   . . .        (no shield)
rNeg    . . .        a - melded +0 robe
rPois   +            (helmet currently unavailable)
rElec   .            (cloak currently unavailable)
rCorr   +            (gloves currently unavailable)
SInv    .            (boots currently unavailable)
Will    .....        (no amulet)
Stlth   ++           t - ring of protection from fire
HPRegen 0.31/turn    l - ring of resist corrosion
MPRegen 0.14/turn

%: no passive effects
@: tree-form, wereblooded, invisible
A: stationary, stasis, torment immunity, boosted hp, (fangs 1), strong nose,
distributed training
a: Renounce Religion


You were on level 4 of the Dungeon.
You worshipped Qazlal.
Qazlal was noncommittal.
You were a tree.
You visited 1 branch of the dungeon, and saw 5 of its levels.

You collected 173 gold pieces.

Inventory:

Hand Weapons
 d - a +0 mace
 g - a +0 dagger (weapon)
 o - a +2 quarterstaff of draining
Armour
 a - a +0 robe (melded)
Jewellery
 k - an amulet of faith
 l - a ring of resist corrosion (right branch)
 t - a ring of protection from fire (left branch)
Scrolls
 h - 4 scrolls of noise {unknown}
 i - 3 scrolls of teleportation {unknown}
 j - a scroll of blinking {unknown}
 n - 2 scrolls of vulnerability {unknown}
 q - a scroll of fog {unknown}
 r - a scroll of enchant weapon {unknown}
 s - a scroll of silence {unknown}
 v - a scroll of identify {unknown}
Potions
 e - a potion of brilliance {unknown}
 f - a potion of curing {unknown}
 m - a potion of might {unknown}
 p - a potion of mutation {unknown}
 u - a potion of flight {unknown}


   Skills:
 + Level 3.3 Fighting
 + Level 2.0 Short Blades
 + Level 2.0 Long Blades
 + Level 2.0 Axes
 + Level 2.0 Maces & Flails
 + Level 2.0 Polearms
 + Level 2.0 Staves
 + Level 2.0 Ranged Weapons
 + Level 2.0 Throwing
 + Level 2.0 Armour
 + Level 5.0 Dodging
 + Level 2.0 Stealth
 + Level 2.0 Shields
 + Level 6.8 Unarmed Combat
 + Level 5.4 Spellcasting
 + Level 1.6 Conjurations
 + Level 1.6 Hexes
 + Level 1.6 Summonings
 + Level 1.6 Necromancy
 + Level 1.6 Translocations
 + Level 4.1 Transmutations
 + Level 1.6 Fire Magic
 + Level 1.6 Ice Magic
 + Level 1.6 Air Magic
 + Level 1.6 Earth Magic
 + Level 1.6 Poison Magic
 + Level 2.2 Invocations
 + Level 2.0 Evocations


You had 12 spell levels left.
You knew the following spells:

 Your Spells              Type           Power      Damage    Failure   Level
a - Beastly Appendage     Tmut           30%        N/A       3%          1
b - Wereblood             Tmut           15%        N/A       4%          2

Your spell library contained the following spells:

 Spells                   Type           Power      Damage    Failure   Level
 Spider Form              Tmut/Pois      11%        N/A       16%         3
 Ice Form                 Ice/Tmut       11%        N/A       45%         4
 Blade Hands              Tmut           7%         N/A       63%         5
 Irradiate                Conj/Tmut      5%         3d13      82%         5
 Dragon Form              Tmut           7%         N/A       100%        7


Dungeon Overview and Level Annotations

Branches:
Dungeon (5/15)
 Temple: D:4-7

Altars:
Dithmenos
Kikubaaqudgha
Qazlal
Vehumet

Shops:
D:1 !


Innate Abilities, Weirdness & Mutations

You are a tree.
Your roots penetrate the ground, keeping you stationary.
You cannot be teleported.
You are immune to unholy pain and torment.
Your maximum health is greatly increased.
Your equipment is partially melded.
((You have very sharp teeth.))
Your uncanny sense of smell can sniff out nearby items.
Your experience applies equally to all skills.


Message History

Casting: Wereblood (safe; 4% risk of failure)
Confirm with . or Enter, or press ? or * to list all spells.
You are stuck in your current form!
Casting: Beastly Appendage (safe; 3% risk of failure)
Confirm with . or Enter, or press ? or * to list all spells.
Your blood is infused with primal strength.
You hit the ogre but do no damage. The ogre hits you with a +0 giant club.
You hit the ogre.
The ogre is lightly wounded.
You hit the ogre.
The ogre is lightly wounded.
The ogre hits you with a +0 giant club!!
You hit the ogre.
The ogre is moderately wounded.
The ogre hits you but does no damage.
You hit the ogre.
The ogre is moderately wounded.
You barely miss the ogre.
The ogre is moderately wounded.
The ogre hits you with a +0 giant club!
You hit the ogre but do no damage.
The ogre is moderately wounded.
You hit the ogre.
The ogre is heavily wounded.
The ogre barely misses you.
You hit the ogre but do no damage.
The ogre is heavily wounded.
The ogre hits you but does no damage.
You hit the ogre but do no damage.
The ogre is heavily wounded.
You hit the ogre. You punch the ogre.
The ogre is severely wounded.
The ogre hits you with a +0 giant club!
* * * LOW HITPOINT WARNING * * *
You hit the ogre but do no damage.
The ogre is severely wounded.
It was a potion of invisibility.
You fade into invisibility!
The ogre hits you with a +0 giant club!
You die...

..... #..##.#
#. ...
###..##.# #.
...
##...##### ##
.. #....#
##.###....#
#..#......#
#....##...#
##...###..#
#.♣.# ...).
##O.# ...#...
...........#
........#....
......#..#...
.....###..#
..##..# ...
.#. #... ..


You could see an ogre (unable to see you).

Vanquished Creatures
  An ogre (D:3)
  A howler monkey (D:4)
  An iguana (D:3)
  An orc wizard (D:4)
  A hound skeleton (D:3)
  4 adders
  An adder zombie (D:3)
  An adder skeleton (D:3)
  3 worms
  2 dart slugs
  2 orcs (D:4)
  4 bats
  2 endoplasms (D:1)
  3 giant cockroaches
  9 goblins
  6 hobgoblins
  4 jackals (D:2)
  A kobold (D:1)
  6 quokkas
  4 ball pythons (D:1)
  5 frilled lizards
  A quokka zombie (D:3)
  7 rats
70 creatures vanquished.

Notes
Turn   | Place    | Note
-------+----------+-------------------------------------------
     0 | D:1      | croobank the Gnoll Transmuter began the quest for the Orb.
     0 | D:1      | Reached XP level 1. HP: 17/17 MP: 6/6
   143 | D:1      | Reached XP level 2. HP: 23/23 MP: 5/7
   153 | D:1      | Learned a level 2 spell: Wereblood
   660 | D:1      | Found Tukuxkik's Distillery.
   664 | D:1      | Reached skill level 5 in Spellcasting
   664 | D:1      | Reached XP level 3. HP: 27/28 MP: 7/9
  1466 | D:2      | Reached skill level 1 in Invocations
  1858 | D:2      | Found a shadowy altar of Dithmenos.
  2113 | D:2      | Reached skill level 1 in Short Blades
  2113 | D:2      | Reached skill level 1 in Long Blades
  2113 | D:2      | Reached skill level 1 in Axes
  2113 | D:2      | Reached skill level 1 in Maces & Flails
  2113 | D:2      | Reached skill level 1 in Polearms
  2113 | D:2      | Reached skill level 1 in Staves
  2113 | D:2      | Reached skill level 1 in Ranged Weapons
  2113 | D:2      | Reached skill level 1 in Throwing
  2113 | D:2      | Reached skill level 1 in Armour
  2113 | D:2      | Reached skill level 1 in Stealth
  2113 | D:2      | Reached skill level 1 in Shields
  2113 | D:2      | Reached skill level 1 in Evocations
  2321 | D:3      | Reached XP level 4. HP: 33/34 MP: 8/11
  2528 | D:3      | Found a stormy altar of Qazlal.
  2539 | D:3      | Became a worshipper of Qazlal Stormbringer
  2623 | D:3      | Found a radiant altar of Vehumet.
  2644 | D:3      | Reached skill level 1 in Conjurations
  2644 | D:3      | Reached skill level 1 in Hexes
  2644 | D:3      | Reached skill level 1 in Summonings
  2644 | D:3      | Reached skill level 1 in Necromancy
  2644 | D:3      | Reached skill level 1 in Translocations
  2644 | D:3      | Reached skill level 1 in Fire Magic
  2644 | D:3      | Reached skill level 1 in Ice Magic
  2644 | D:3      | Reached skill level 1 in Air Magic
  2644 | D:3      | Reached skill level 1 in Earth Magic
  2644 | D:3      | Reached skill level 1 in Poison Magic
  2789 | D:3      | Reached XP level 5. HP: 23/40 MP: 12/12
  2924 | D:3      | Noticed an ogre
  2955 | D:3      | Killed an ogre
  3277 | D:3      | Found an ancient bone altar of Kikubaaqudgha.
  3291 | D:3      | You fall into a shaft and drop 2 floors!
  3291 | D:5      | Entered Level 5 of the Dungeon
  3324 | D:4      | Reached XP level 6. HP: 47/47 MP: 9/13
  3346 | D:4      | Reached skill level 5 in Dodging
  3419 | D:4      | Slain by an ogre

Illustrated notes

Levels and vault maps discovered:
D:1:      dpeg_arrival_morbid_curiosity, layout_basic, serial_shops,
          nicolae_shop_industrial_runoff
D:2:      layout_basic, basic_altar, grunt_decor_fettered,
          ebering_dispersal_statue_hall, dreamdust_wishing_well
D:3:      layout_loops_ring, nicolae_vehumet_radiance, pf_just_have_faith,
          lemuel_doored_altar, serial_undead, serial_undead_a, serial_undead_e,
          serial_undead_e, serial_undead_a, serial_undead_a,
          minmay_misc_feat_roman
D:4:      layout_cave_pools, mainiacjoe_overflow_alcove_2,
          amcnicky_altar_gilded, beargit_hepliaklqana_dungeon_heroes,
          minmay_temple_entry_butterflies, uniq_grinder
D:5:      layout_cave_pods, kennysheep_mini, slow_altar_2,
          chequers_serial_rivers_micro_c, minmay_misc_feat_ornament,
          uniq_crazy_yiuf_cottage

Skill      XL: |  1  2  3  4  5  6 |
---------------+-------------------+-----
Spellcasting   | 5 |  5.4
Invocations    | 1 2 |  2.2
Short Blades   | 1 2 |  2.0
Long Blades    | 1 2 |  2.0
Axes           | 1 2 |  2.0
Maces & Flails | 1 2 |  2.0
Polearms       | 1 2 |  2.0
Staves         | 1 2 |  2.0
Ranged Weapons | 1 2 |  2.0
Throwing       | 1 2 |  2.0
Armour         | 1 2 |  2.0
Stealth        | 1 2 |  2.0
Shields        | 1 2 |  2.0
Evocations     | 1 2 |  2.0
Conjurations   | 1 |  1.6
Hexes          | 1 |  1.6
Summonings     | 1 |  1.6
Necromancy     | 1 |  1.6
Translocations | 1 |  1.6
Fire Magic     | 1 |  1.6
Ice Magic      | 1 |  1.6
Air Magic      | 1 |  1.6
Earth Magic    | 1 |  1.6
Poison Magic   | 1 |  1.6
Fighting       | 3 |  3.3
Transmutations | 4 |  4.1
Dodging        | 5 |  5.0
Unarmed Combat | |  6.8

Action                     |  1- 3 |  4- 6 || total
---------------------------+-------+-------++-------
  Melee: Unarmed           |    16 |       ||    16
         Kick              |    28 |    30 ||    58
         Mace              |    22 |       ||    22
         Dagger            |    79 |   114 ||   193
         Headbutt          |    13 |    18 ||    31
         Bite              |    10 |     5 ||    15
         Punch             |     2 |     5 ||     7
   Cast: Beastly Appendage |    27 |    11 ||    38
         Wereblood         |    21 |    12 ||    33
    Use: Potion            |       |     5 ||     5
   Stab: Sleeping          |     1 |       ||     1
 Armour: Robe              |    19 |    17 ||    36
         Skin              |       |     9 ||     9
  Dodge: Dodged            |    82 |    69 ||   151
